 Dungeon Crawl Stone Soup version 0.31.0-1-g2c135a008e (webtiles) character file.

Game seed: 12251862730057387639

49 qw the Shooter (level 4, -2/34 HPs)
             Began as a Djinni Hunter on Jan 23, 2024.
             Slain by Natasha (4 damage)
             ... on level 2 of the Dungeon.
             The game lasted 00:00:04 (795 turns).

qw the Shooter (Djinni Hunter)                       Turns: 795, Time: 00:00:05

Health: -2/34      AC:  3    Str: 10    XL:     4   Next: 1%
Gold:   82         EV: 12    Int: 11    God:
                   SH:  0    Dex: 18

rFire   + + .        a - +0 shortbow
rCold   x . .        (shield currently unavailable)
rNeg    . . .        c - +0 leather armour
rPois   inf          (no helmet)
rElec   .            (no cloak)
rCorr   .            (no gloves)
SInv    .            (boots unavailable)
Will    .....        (no amulet)
Stlth   ++           (no ring)
HPRegen 0.25/turn    (no ring)
MPRegen 0.00/turn

%: infuse magic (-3 HP)
@: flying, slowed, very slow
A: sickness immunity, fire resistance 2, cold vulnerability 1, float, innate
caster, HP casting, extra vitality 1
a: no special abilities


You were on level 2 of the Dungeon.
You visited 1 branch of the dungeon, and saw 2 of its levels.

You collected 82 gold pieces.


Innate Abilities, Weirdness & Mutations

You are immune to sickness and miasma.
You are immune to poison.
Your flesh is very heat resistant. (rF++)
You are vulnerable to cold. (rC-)
You float through the air rather than walking.
You learn spells naturally, not from books.
Your magical power is your life essence.
You have superior vitality. (+4 MHP)


   Skills:
 + Level 2.9 Fighting
 - Level 4.0 Ranged Weapons
 - Level 2.1 Dodging
 - Level 0.7 Stealth


You knew the following spells:

 Your Spells              Type           Power      Damage    Failure   Level
a - Summon Small Mammal   Summ           0%         N/A       43%         1
Your spell library was empty.

Inventory:

Hand Weapons
 a - a +0 shortbow (weapon)
Armour
 c - a +0 leather armour (worn)
 e - a +0 robe of willpower
Scrolls
 b - a scroll of identify {unknown}
 d - a scroll of revelation {unknown}
Potions
 f - a potion of degeneration {unknown}
 h - a potion of brilliance {unknown}

Dungeon Overview and Level Annotations

Branches:
Dungeon (2/15)

Altars:

Annotations:
D:2 Natasha


Message History

Natasha attacks as she pursues you! Natasha claws you but does no damage.
Natasha barely misses you. The cerulean imp completely misses you.
You shoot an arrow. The arrow completely misses Natasha.
The arrow closely misses the cerulean imp.
The arrow hits the cerulean imp.
The cerulean imp is moderately wounded.
Natasha barely misses you.
The cerulean imp hits you from afar with a +1 spear.
Natasha claws you.
The cerulean imp hits you from afar with a +1 spear.
You shoot an arrow. The arrow hits Natasha!
Natasha is severely wounded.
The cerulean imp disappears in a puff of smoke!
Natasha casts a spell at you. The magic dart hits you!
The cerulean imp hits you from afar with a +1 spear.
Natasha mumbles some strange words.
The cerulean imp hits you but does no damage.
You shoot an arrow.
The arrow hits Natasha but does no damage.
Natasha is severely wounded.
The cerulean imp disappears in a puff of smoke!
Natasha claws you.
The cerulean imp hits you from afar with a +1 spear.
Natasha stares at you and mumbles some strange words.
The magic dart hits you.
You shoot an arrow.
The arrow hits Natasha but does no damage.
Natasha is severely wounded.
You feel yourself speed up. The cerulean imp closely misses you.
Natasha stares at you and mumbles some strange words.
You feel yourself slow down.
The cerulean imp hits you from afar with a +1 spear.
You shoot an arrow.
The arrow hits Natasha but does no damage.
Natasha is severely wounded.
Natasha claws you.
You die...
Natasha begins licking her fur clean.

#.# #.......# # #.#
####.......# # #.#
#..........# #
#.###.##.......# ##
#.....############.
##......# #........
#......# #.#####..
#.#..#.###.#####.. #
#@#........##..... ..#####
#h#...........##.#
.......##5####.###.#####.#
#.....5..5....>###.......#
.....#.#.......##...######
#..........######...#
...........# #...#
##.........# #...#
##........# #...#


You could see Natasha and 2 cerulean imps.

Vanquished Creatures
  2 adders (D:2)
  A dart slug (D:1)
  A ribbon worm (D:2)
  3 endoplasms (D:1)
  2 goblins (D:1)
  2 hobgoblins (D:1)
  A kobold (D:1)
  5 quokkas (D:1)
  3 bats
  3 frilled lizards (D:1)
  3 rats
26 creatures vanquished.

Notes
Turn   | Place    | Note
-------+----------+-------------------------------------------
     0 | D:1      | qw the Djinni Hunter began the quest for the Orb.
     0 | D:1      | Reached XP level 1. HP: 18/18 MP: 0/0
     0 | D:1      | 0 ||| qw: Version: 0.3-a-136-gdd3b4e8
     0 | D:1      | 0 ||| qw: Game counter: 1094
     0 | D:1      | 0 ||| qw: Melee chars always use a shield: true
     0 | D:1      | 0 ||| qw: God list: Okawaru
     0 | D:1      | 0 ||| qw: Allow faded altars: false
     0 | D:1      | 0 ||| qw: Do Orc after clearing Dungeon:15 true
     0 | D:1      | 0 ||| qw: Do second Lair branch before Depths: true
     0 | D:1      | 0 ||| qw: Lair rune preference: random
     0 | D:1      | 0 ||| qw: Goals: Normal
     0 | D:1      | 0 ||| PLANNING D:1-11
   117 | D:1      | Reached XP level 2. HP: 23/23 MP: 0/0
   427 | D:1      | Reached skill level 4 in Ranged Weapons
   427 | D:1      | Reached XP level 3. HP: 28/28 MP: 0/0
   427 | D:1      | Learned a level 1 spell: Summon Small Mammal
   542 | D:1      | 542 ||| READING scroll labelled XOCIABR REGOMP.
   543 | D:1      | 543 ||| READING scroll labelled ROUFIX VADDAPS.
   548 | D:1      | 548 ||| READING scroll labelled KOTUGU OTRIGG.
   549 | D:1      | 549 ||| DROPPING scroll of butterflies.
   779 | D:2      | Noticed Natasha
   784 | D:2      | Reached XP level 4. HP: 32/34 MP: 0/0
   785 | D:2      | 785 ||| RETREEEEATING.
   787 | D:2      | 787 ||| RETREEEEATING.
   788 | D:2      | 788 ||| RETREEEEATING.
   789 | D:2      | 789 ||| RETREEEEATING.
   790 | D:2      | 790 ||| RETREEEEATING.
   793 | D:2      | HP: 4/34 [Natasha/magic dart (5)]
   794 | D:2      | HP: 1/34 [cerulean imp/+1 spear[Natasha] (3)]
   795 | D:2      | Slain by Natasha

Levels and vault maps discovered:
D:1:      minmay_arrival_open_corners, layout_rooms, kennysheep_crisscross,
          minmay_split_cup_large
D:2:      layout_loops_cross, uniq_natasha, uniq_jessica

Skill      XL: |  1  2 |
---------------+-------+-----
Ranged Weapons | 4 |  4.0
Fighting       | |  2.9
Dodging        | |  2.1
Stealth        | |  0.7

Action                     |  1- 3 |  4- 6 || total
---------------------------+-------+-------++-------
   Fire: Shortbow          |    78 |     7 ||    85
    Use: Scroll            |     3 |       ||     3
 Armour: Leather armour    |    18 |    13 ||    31
  Dodge: Dodged            |    17 |    11 ||    28

Table legend:
 A = Non-vault XP
 B = Vault XP
 C = Vault XP percentage of total XP
 D = Non-vault monster count
 E = Vault monster count
 F = Vault count percentage of total count
                 A         B        C        D         E       F
            +---------+---------+-------+---------+---------+-------
      Total |      63 |       7 |  10.0 |      22 |       4 |  15.4
            +---------+---------+-------+---------+---------+-------
        D:1 |      31 |       7 |  18.4 |      17 |       4 |  19.0
        D:2 |      32 |       0 |   0.0 |       5 |       0 |   0.0
            +---------+---------+-------+---------+---------+-------
